 Dungeon Crawl Stone Soup version 0.27.1-33-g824d729ab1 (webtiles) character file.

Game seed: 1499335649305483320

1880 Boby the Skirmisher (level 8, -1/73 HPs)
             Began as a Minotaur Fighter on Dec 30, 2021.
             Was an Initiate of Gozag.
             Slain by Harold (18 damage)
             ... on level 7 of the Dungeon.
             The game lasted 00:18:30 (6928 turns).

Boby the Skirmisher (Minotaur Fighter)              Turns: 6928, Time: 00:18:31

Health: -1/73      AC: 11    Str: 22    XL:     8   Next: 91%
Magic:  7/7        EV:  6    Int:  5    God:    Gozag
Gold:   139        SH: 11    Dex: 11    Spells: 7/7 levels left

rFire    . . .     SeeInvis +   a - +2 war axe
rCold    . . .     Faith    .   c - +0 kite shield
rNeg     . . .     Spirit   .   o - +0 chain mail
rPois    .         Reflect  .   (helmet restricted)
rElec    .         Harm     .   p - +0 cloak
rCorr    .         Rampage  .   (no gloves)
Will     .....                  (no boots)
Stlth    ..........             (no amulet)
HPRegen  0.22/turn              v - ring of see invisible
MPRegen  0.10/turn              (no ring)

@: mighty
A: horns 2, retaliatory headbutt
a: Renounce Religion, Potion Petition, Call Merchant, Bribe Branch


You were on level 7 of the Dungeon.
You worshipped Gozag.
Gozag was aware of your devotion.
You visited 2 branches of the dungeon, and saw 8 of its levels.

You collected 176 gold pieces.
You paid 37 gold pieces to Gozag.


Innate Abilities, Weirdness & Mutations

You have a pair of horns on your head.
You reflexively headbutt those who attack you in melee.


   Skills:
 + Level 7.1 Fighting
 + Level 6.6 Axes
 * Level 3.7 Throwing
 + Level 7.1 Armour
 + Level 7.1 Shields
 * Level 2.8 Evocations


You had 7 spell levels left.
You didn't know any spells.
Your spell library contained the following spells:

 Spells                   Type           Power      Damage    Failure   Level
 Animate Skeleton         Necr           0%         N/A       100%        1
 Pain                     Necr           0%         1d4       100%        1
 Summon Small Mammal      Summ           0%         N/A       100%        1
 Corpse Rot               Necr/Air       N/A        N/A       100%        2
 Poisonous Vapours        Pois/Air       0%         N/A       100%        2
 Call Canine Familiar     Summ           0%         N/A       100%        3
 Summon Guardian Golem    Hex/Summ       0%         N/A       100%        3
 Vampiric Draining        Necr           0%         2d6       100%        3
 Summon Ice Beast         Ice/Summ       0%         N/A       100%        4
 Freezing Cloud           Conj/Ice/Air   0%         6-21      100%        5
 Summon Mana Viper        Hex/Summ       0%         N/A       100%        5
 Monstrous Menagerie      Summ           0%         N/A       100%        7

Inventory:

Hand Weapons
 a - a +2 war axe (weapon)
Missiles
 b - 10 boomerangs
 k - 231 stones (quivered)
 s - 18 poisoned darts
 B - 13 curare-tipped darts {=f}
Armour
 c - a +0 kite shield (worn)
 o - a +0 chain mail (worn)
 p - a +0 cloak (worn)
Jewellery
 v - a ring of see invisible (left hand)
 F - a ring of fire
 G - an amulet of faith {!P}
 L - a ring of flight
Wands
 y - a wand of flame (16)
 E - a wand of polymorph (9)
 I - a wand of paralysis (10)
Scrolls
 d - a scroll of fog {unknown}
 f - 2 scrolls of summoning {unknown}
 h - 7 scrolls of identify {unknown}
 j - a scroll of magic mapping {unknown}
 l - 2 scrolls of blinking {unknown}
 m - a scroll of immolation {unknown}
 t - a scroll of silence {unknown}
 u - 4 scrolls of teleportation {unknown}
 C - 2 scrolls of vulnerability {unknown}
 H - 2 scrolls of noise {unknown}
Potions
 e - 2 potions of invisibility {unknown}
 g - a potion of mutation {unknown}
 i - 3 potions of curing {@q1}
 q - a potion of attraction {unknown}
 r - a potion of cancellation
 w - 4 potions of flight
 x - a potion of ambrosia {unknown}
 z - 2 potions of magic {unknown}
 D - 2 potions of degeneration {unknown}

Dungeon Overview and Level Annotations

Branches:
Dungeon (7/15)             Temple (1/1) D:6

Altars:
Ashenzari
Cheibriados
Dithmenos
Elyvilon
Fedhas
Gozag
Hepliaklqana
Kikubaaqudgha
Makhleb
Ru
Sif Muna
Trog
Uskayaw
Vehumet
Wu Jian
Zin
The Shining One

Annotations:
D:5 1 runed translucent door, Crazy Yiuf
D:7 Harold

## #...# ####.##.# #. ...
#...# #.......# #.
#.###...####.##.#.#.##.
##.....(......##..###.#.
.......<.........## ##..
##............##..###.#.
#.###...####.##...#.##.
#...# #.......###. #.@.#
####..### #. $ #.@.#
#.......### ##.##
#.#.###.#.. ####.# #.#.#
#.... ..#.# #.#.# #..♣.
#.## #.#.### ##.#.###..PP
#....##.#...###..#........
#...........>..........
####.##...###.##.##....


You could see Harold (fast).


Message History

Harold is moderately wounded.
Harold hits you with a +0 battleaxe!
* * * LOW HITPOINT WARNING * * *
Harold hits you with a +0 battleaxe.
* * * LOW HITPOINT WARNING * * *
You feel much better. You block Harold's attack.
It was a potion of cancellation.
Your magical effects are unravelling.
You feel magically purged.
You float gracefully downwards.
The sentinel's mark upon you fades away.
You block Harold's attack. Harold completely misses you.
You slash Harold! You headbutt Harold.
Harold is heavily wounded.
You block Harold's attack. x2
You hit Harold.
Harold is heavily wounded.
Harold hits you with a +0 battleaxe!!
* * * LOW HITPOINT WARNING * * *
Harold hits you with a +0 battleaxe!
* * * LOW HITPOINT WARNING * * *
You feel much better. You block Harold's attack.
You feel very mighty all of a sudden. Harold barely misses you.
Harold hits you with a +0 battleaxe!
* * * LOW HITPOINT WARNING * * *
You barely miss Harold.
Harold is heavily wounded.
You block Harold's attack. x2
You feel better. Harold hits you with a +0 battleaxe!!
You die...
Your body crumbles into a pile of gold.

Skill      XL: |  1  2  3  4  5  6  7  8 |
---------------+-------------------------+-----
Shields        | 4 5 6 7 |  7.1
Fighting       | 4 5 6 7 |  7.1
Armour         | 4 5 6 7 |  7.1
Axes           | 3 4 5 6 |  6.6
Throwing       | 1 3 |  3.7
Evocations     | 2 |  2.8

Action                   |  1- 3 |  4- 6 |  7- 9 || total
-------------------------+-------+-------+-------++-------
Melee: War axe           |    92 |   122 |   140 ||   354
       Headbutt          |     8 |    21 |    34 ||    63
Throw: Stone             |     6 |    43 |    62 ||   111
       Dart              |       |    17 |       ||    17
  Use: Potion            |       |     1 |     8 ||     9
Armor: Scale mail        |    35 |       |       ||    35
       Chain mail        |    13 |    90 |    63 ||   166
Dodge: Dodged            |    30 |    29 |    27 ||    86
Block: Kite shield       |    56 |    83 |    90 ||   229

Levels and vault maps discovered:
D:1:      lightli_arrival_lavapool, layout_rooms,
          chequers_ecumenical_altar_simple
D:2:      layout_loops_cross
D:3:      layout_loops_ring
D:4:      layout_loops_ring, dk_vineyard_1, uniq_eustachio
D:5:      layout_rooms, general_overflow_altar, uniq_crazy_yiuf_cottage
D:6:      layout_loops_ring, trog_book, minmay_temple_entry_mist
D:7:      layout_loops_cross, mainiacjoe_overflow_cross_hatched,
          serial_park_tiny_1, minmay_crystal_water, grunt_decor_mini_mirrors,
          uniq_harold, uniq_pikel
Temple:   zaba_magenta_temple

Notes
Turn   | Place    | Note
-------+----------+-------------------------------------------
     0 | D:1      | Boby the Minotaur Fighter began the quest for the Orb.
     0 | D:1      | Reached XP level 1. HP: 19/19 MP: 0/0
   360 | D:1      | Found a faded altar of an unknown god.
   381 | D:1      | Reached XP level 2. HP: 26/27 MP: 1/1
   815 | D:2      | Reached skill level 4 in Shields
   857 | D:2      | Reached skill level 4 in Fighting
   858 | D:2      | Reached skill level 4 in Armour
   917 | D:2      | Reached skill level 3 in Axes
   968 | D:2      | Reached XP level 3. HP: 32/33 MP: 2/2
  1607 | D:3      | Reached XP level 4. HP: 16/40 MP: 3/3
  1923 | D:3      | Reached XP level 5. HP: 47/47 MP: 4/4
  2521 | D:4      | Reached skill level 4 in Axes
  2707 | D:4      | Noticed a water moccasin
  2726 | D:4      | Killed a water moccasin
  2727 | D:4      | Reached skill level 5 in Fighting
  2727 | D:4      | Reached skill level 5 in Armour
  2727 | D:4      | Reached skill level 5 in Shields
  2727 | D:4      | Reached XP level 6. HP: 6/56 MP: 5/5
  3285 | D:4      | Noticed Eustachio
  3322 | D:4      | Killed Eustachio
  3581 | D:5      | Entered Level 5 of the Dungeon
  3746 | D:4      | Reached skill level 5 in Axes
  3902 | D:5      | Reached XP level 7. HP: 56/62 MP: 6/6
  4181 | D:5      | Reached skill level 6 in Fighting
  4181 | D:5      | Reached skill level 1 in Throwing
  4181 | D:5      | Reached skill level 6 in Armour
  4181 | D:5      | Reached skill level 6 in Shields
  4656 | D:5      | Found a sacrificial altar of Ru.
  4700 | D:5      | Reached XP level 8. HP: 69/71 MP: 7/7
  4815 | D:5      | Reached skill level 6 in Axes
  4863 | D:5      | Found a runed translucent door.
  4864 | D:5      | Noticed Crazy Yiuf
  5094 | D:6      | Reached skill level 2 in Throwing
  5266 | D:6      | Reached skill level 1 in Evocations
  5423 | D:6      | Found a bloodstained altar of Trog.
  5761 | D:6      | Reached skill level 2 in Evocations
  5772 | D:6      | Reached skill level 3 in Throwing
  6058 | D:6      | Found a staircase to the Ecumenical Temple.
  6076 | D:6      | Reached skill level 7 in Fighting
  6273 | D:6      | Reached skill level 7 in Armour
  6273 | D:6      | Reached skill level 7 in Shields
  6392 | Temple   | Entered the Ecumenical Temple
  6452 | Temple   | Became a worshipper of Gozag Ym Sagoz the Greedy
  6821 | D:7      | Found a hazy altar of Hepliaklqana.
  6895 | D:7      | Noticed Harold
  6914 | D:7      | HP: 4/73 [Harold/iceblast (14)]
  6928 | D:7      | Slain by Harold

Vanquished Creatures
  Eustachio (D:4)
  A water moccasin (D:4)
  3 sky beasts
  A necrophage (D:5)
  4 ogres
  7 wights
  An electric eel (D:7)
  A howler monkey (D:3)
  A centaur zombie (D:7)
  2 hounds
  3 orc priests
  A bullfrog skeleton (D:3)
  A centaur skeleton (D:7)
  A jelly (D:6)
  2 iguanas
  An orc wizard (D:5)
  A scorpion zombie (D:5)
  A hound skeleton (D:4)
  3 gnolls (D:7)
  7 adders
  2 white imps
  A worm (D:2)
  10 orcs
  3 ball pythons
  5 bats
  2 endoplasms
  5 giant cockroaches
  4 hobgoblins
  3 jackals (D:2)
  9 quokkas
  2 frilled lizards
  8 goblins
  10 kobolds
  6 rats
113 creatures vanquished.

Table legend: (Time is in decaauts)
 A = Elapsed time spent in this place.
 B = Non-inter-level travel time spent in this place.
 C = Inter-level travel time spent in this place.
 D = Time resting spent in this place.
 E = Time spent auto-exploring this place.
 F = Levels seen in this place.
 G = Mean time per level.
                   A        B        C        D        E       F      G
               +--------+--------+--------+--------+--------+-----+--------+
         Total |   7137 |   6683 |    454 |    881 |   4596 |   8 |  892.1 |
       Dungeon |   7059 |   6621 |    438 |    881 |   4546 |   7 | 1008.4 |
        Temple |     77 |     61 |     16 |      0 |     50 |   1 |   77.0 |
               +--------+--------+--------+--------+--------+-----+--------+

Top non-repeatable levels by time:
     D:6: 1435 daAuts
     D:4: 1373 daAuts
     D:5: 1306 daAuts
     D:3: 1039 daAuts
     D:1: 799 daAuts
     D:2: 742 daAuts
     D:7: 363 daAuts
  Temple: 77 daAuts

Table legend:
 A = Non-vault XP
 B = Vault XP
 C = Vault XP percentage of total XP
 D = Non-vault monster count
 E = Vault monster count
 F = Vault count percentage of total count
                 A         B        C        D         E       F
            +---------+---------+-------+---------+---------+-------
      Total |    2483 |     203 |   7.6 |     112 |       1 |   0.9
            +---------+---------+-------+---------+---------+-------
        D:1 |      25 |       0 |   0.0 |      16 |       0 |   0.0
        D:2 |      48 |       0 |   0.0 |      19 |       0 |   0.0
        D:3 |     157 |       0 |   0.0 |      22 |       0 |   0.0
        D:4 |     286 |     203 |  41.5 |      16 |       1 |   5.9
        D:5 |     833 |       0 |   0.0 |      18 |       0 |   0.0
        D:6 |     941 |       0 |   0.0 |      14 |       0 |   0.0
        D:7 |     193 |       0 |   0.0 |       7 |       0 |   0.0
            +---------+---------+-------+---------+---------+-------
